 Dungeon Crawl Stone Soup version 0.31-a0-1074-g0b22e4e0f1 (webtiles) character file.

Game seed: 4596244169882185222

69 promet the Ducker (level 4, 0/33 HPs)
             Began as a Human Wanderer on Nov 28, 2023.
             Killed from afar by Natasha (6 damage)
             ... with a magic dart
             ... on level 2 of the Dungeon.
             The game lasted 00:07:29 (2046 turns).

promet the Ducker (Human Wanderer)                  Turns: 2046, Time: 00:07:31

Health: 0/33       AC:  5    Str: 12    XL:     4   Next: 42%
Magic:  5/5        EV: 13    Int: 14    God:
Gold:   33         SH:  0    Dex: 13    Spells: 4/5 levels left

rFire   . . .        a - +0 mace
rCold   . . .        (no shield)
rNeg    . . .        d - +2 leather armour
rPois   .            (no helmet)
rElec   .            (no cloak)
rCorr   .            (no gloves)
SInv    .            (no boots)
Will    .....        (no amulet)
Stlth   +            (no ring)
HPRegen 0.25/turn    (no ring)
MPRegen 0.09/turn

%: no passive effects
@: hasted, very quick
A: no striking features
a: no special abilities


You were on level 2 of the Dungeon.
You visited 1 branch of the dungeon, and saw 2 of its levels.

You collected 33 gold pieces.

Inventory:

Hand Weapons
 a - a +0 mace (weapon)
 b - a +1 sling
 c - a +0 dagger
Missiles
 i - 14 stones
Armour
 d - a +2 leather armour (worn)
Wands
 e - a wand of flame (7)
Scrolls
 h - a scroll of teleportation
Potions
 f - a potion of haste
 g - a potion of heal wounds {unknown}
 j - a potion of berserk rage {unknown}
 k - a potion of might {unknown}
 l - a potion of mutation {unknown}


   Skills:
 * Level 1.7 Fighting
 + Level 1.2 Short Blades
 + Level 0.5 Maces & Flails
 + Level 1.2 Ranged Weapons
 + Level 0.4 Armour
 + Level 4.5 Dodging
 + Level 1.1 Stealth
 + Level 1.0 Spellcasting
 * Level 1.0 Summonings
 + Level 2.0 Evocations


You had 4 spell levels left.
You knew the following spells:

 Your Spells              Type           Power      Damage    Failure   Level
a - Summon Small Mammal   Summ           12%        N/A       22%         1

Your spell library contained the following spells:

 Spells                   Type           Power      Damage    Failure   Level
 Call Canine Familiar     Summ           3%         N/A       54%         3


Dungeon Overview and Level Annotations

Branches:
Dungeon (2/15)

Altars:
Dithmenos

Annotations:
D:2 Natasha, Terence


Message History

Natasha misses you. The cerulean imp closely misses you.
You completely miss Natasha.
Natasha is lightly wounded.
The cerulean imp barely misses you.
Natasha mumbles some strange words.
Natasha shimmers violently.
Natasha barely misses you.
The cerulean imp hits you but does no damage. x2
Natasha casts a spell at you. The magic dart hits you.
You feel yourself speed up.
The cerulean imp hits you with a +2 spear.
The cerulean imp hits you but does no damage.
Natasha closely misses you.
You hit Natasha.
Natasha is lightly wounded.
The cerulean imp misses you. The cerulean imp barely misses you.
You barely miss Natasha.
Natasha is lightly wounded.
Natasha stares at you and mumbles some strange words.
The magic dart hits you.
* * * LOW HITPOINT WARNING * * *
The cerulean imp barely misses you.
The cerulean imp hits you but does no damage.
You closely miss Natasha.
Natasha is lightly wounded.
Natasha claws you but does no damage. The cerulean imp barely misses you.
The cerulean imp hits you from afar with a +1 spear.
* * * LOW HITPOINT WARNING * * *
You hit Natasha but do no damage.
Natasha is lightly wounded.
Natasha barely misses you.
The cerulean imp hits you but does no damage.
You barely miss Natasha.
Natasha is lightly wounded.
The cerulean imp hits you but does no damage.
Natasha stares at you and mumbles some strange words.
The magic dart hits you.
You die...
Natasha curls up and begins to purr.

.......♣..##...###.#
.#####?..
......P..#####.....#
#... .........#
#.####### #.@.
........## #.......'
#.#. ........#
#.####### . #.#.
........#
###'#######.# #.#.
#########
#....)......# #.##
#...........# ..##
#..?.@h.....# .....
#....5.5....#
#######
#$..!........
.......
#............
...####
#..........##
#..........#
#..........#
.....#######


You could see Natasha and 2 cerulean imps.

Vanquished Creatures
  Natasha (D:2)
  An adder (D:1)
  A dart slug (D:2)
  6 endoplasms
  4 goblins
  3 hobgoblins
  2 quokkas
  2 ball pythons (D:1)
  A bat (D:1)
  3 frilled lizards (D:1)
  5 kobolds
  6 rats (D:1)
35 creatures vanquished.

Notes
Turn   | Place    | Note
-------+----------+-------------------------------------------
     0 | D:1      | promet the Human Wanderer began the quest for the Orb.
     0 | D:1      | promet set off with the following items: a +0 dagger, a
                  | wand of flame (7), a potion of haste, a +2 leather armour;
                  | and the following spell memorised: Summon Small Mammal; and
                  | the following spells available to memorise: Call Canine
                  | Familiar.
     0 | D:1      | Reached XP level 1. HP: 15/15 MP: 2/2
   284 | D:1      | Reached XP level 2. HP: 21/21 MP: 3/3
  1125 | D:1      | Reached XP level 3. HP: 26/26 MP: 4/4
  1197 | D:1      | Found a shadowy altar of Dithmenos.
  1221 | D:2      | Noticed Natasha
  1233 | D:2      | Killed Natasha
  1234 | D:2      | Reached skill level 1 in Ranged Weapons
  1471 | D:2      | Noticed Terence
  1667 | D:1      | Reached skill level 1 in Short Blades
  1667 | D:1      | Reached XP level 4. HP: 18/32 MP: 5/5
  1897 | D:2      | Found a faded altar of an unknown god.
  2032 | D:2      | Noticed Natasha
  2046 | D:2      | Killed from afar by Natasha

Illustrated notes

Levels and vault maps discovered:
D:1:      dpeg_arrival_lava_altar, layout_basic
D:2:      layout_basic, ebering_ecumenical_altar_petrified, glass_columns_a,
          uniq_natasha, uniq_terence, uniq_crazy_yiuf_cottage

Skill      XL: |  1  2  3 |
---------------+----------+-----
Ranged Weapons | 1 |  1.2
Short Blades   | 1 |  1.2
Fighting       | |  1.7
Maces & Flails | |  0.5
Armour         | |  0.4
Dodging        | |  4.5
Stealth        | |  1.1
Spellcasting   | |  1.0
Summonings     | |  1.0
Evocations     | |  2.0

Action                     |  1- 3 |  4- 6 || total
---------------------------+-------+-------++-------
  Melee: Dagger            |    46 |       ||    46
         Punch             |     1 |       ||     1
         Mace              |    40 |    47 ||    87
   Fire: Sling             |    28 |       ||    28
    Use: Scroll            |     3 |     3 ||     6
         Potion            |       |     1 ||     1
   Stab: Sleeping          |     1 |       ||     1
 Armour: Leather armour    |    56 |    33 ||    89
  Dodge: Dodged            |    74 |    41 ||   115

Table legend: (Time is in decaauts)
 A = Elapsed time spent in this place.
 B = Non-inter-level travel time spent in this place.
 C = Inter-level travel time spent in this place.
 D = Time resting spent in this place.
 E = Time spent auto-exploring this place.
 F = Levels seen in this place.
 G = Mean time per level.
                   A        B        C        D        E       F      G
               +--------+--------+--------+--------+--------+-----+--------+
         Total |   2085 |   1994 |     91 |    649 |    575 |   2 | 1042.5 |
       Dungeon |   2085 |   1994 |     91 |    649 |    575 |   2 | 1042.5 |
               +--------+--------+--------+--------+--------+-----+--------+

Top non-repeatable levels by time:
     D:1: 1761 daAuts
     D:2: 323 daAuts
